 Dungeon Crawl Stone Soup version 0.31.0-11-ge490571c62 (webtiles) character file.

Game seed: 4931278486545871643

14067 Minsecho the Cleaver (level 12, -10/79 (82) HPs)
             Began as an Octopode Shapeshifter on Feb 6, 2024.
             Was a Priest of Ashenzari.
             Mangled by a cyclops (20 damage)
             ... on level 11 of the Dungeon.
             The game lasted 00:26:47 (11150 turns).

Minsecho the Cleaver (Octopode Shapeshifter)       Turns: 11150, Time: 00:26:48

HP:   -10/79 (82)   AC:  1    Str: 16    XL:     12   Next: 12%
MP:   11/12         EV: 22    Int: 24    God:    Ashenzari [***...]
Gold: 616           SH:  0    Dex: 14    Spells: 7/12 levels left

rFire   . . .        A - +16 obsidian axe {drain, demonic, Mesm ^Drain Fly SInv}
rCold   . . .        (no shield)
rNeg    . . .        (helmet currently unavailable)
rPois   +            (no amulet)
rElec   .            f - ring of Ashenzari's Lethargy {Fly, Range, Cun} (curse)
rCorr   .            s - ring "Ordeal of Ashenzari" {Fly, Elem, Melee} (curse)
SInv    +            y - ring of Ashenzari's Abstinence {Int+6, Cun, Fort} (curse)
Will    .....        C - ring "Enlightened Stickiness" {rPois, Elem, Dev} (curse)
Stlth   ++++++       J - ring of Ashenzari's Repose {EV+5, Comp, Self} (curse)
HPRegen 0.33/turn    L - ring "I Foresaw This" {Int+6, Dev, Bglg} (curse)
MPRegen 0.13/turn    (no ring)
                     (no ring)

%: clarity
@: beast-form, flying, mesmerised, lightly drained
A: beast (slay +4), almost no armour, amphibious, 8 rings, camouflage 1,
gelatinous body 1, (nimble swimmer 1), tentacles
a: Begin Untransformation, Renounce Religion, Curse Item, Shatter the Chains


You were on level 11 of the Dungeon.
You worshipped Ashenzari.
Ashenzari was most pleased with you.
You were a hulking beast.
You visited 1 branch of the dungeon, and saw 11 of its levels.

You collected 616 gold pieces.

Inventory:

Hand Weapons
 A - the +16 obsidian axe (weapon) {drain, demonic, Mesm ^Drain Fly SInv}
   (You found it on level 6 of the Dungeon)

   Mesm:      Its wielder is mesmerised by any visible foes, and it cannot be
   unequipped while any foes are visible.
   SInv:      It lets you see invisible.
   Fly:       It grants you flight.
   ^Drain:    It drains your maximum health when unequipped.
Missiles
 w - 16 boomerangs (quivered)
Armour
 N - a +2 buckler
Jewellery
 f - the cursed ring of Ashenzari's Lethargy (left tentacle) {Fly, Range, Cun}
   (You found it on level 1 of the Dungeon)

   [ring of flight]

   Fly:       It grants you flight.
   It has a curse which improves the following skills: Ranged Combat: Ranged
   Weapons and Throwing.
   Cunning:   Dodging and Stealth.
 s - the cursed ring "Ordeal of Ashenzari" (right tentacle) {Fly, Elem, Melee}
   (You found it on level 3 of the Dungeon)

   [ring of flight]

   Fly:       It grants you flight.
   It has a curse which improves the following skills: Elements: Fire Magic, Ice
   Magic, Air Magic and Earth Magic.
   Melee Combat: Short Blades, Long Blades, Axes, Maces & Flails, Polearms,
   Staves and Unarmed Combat.
 y - the cursed ring of Ashenzari's Abstinence (on tentacle) {Int+6, Cun, Fort}
   (You found it on level 6 of the Dungeon)

   [ring of intelligence]

   Int+6:     It affects your intelligence (+6).
   It has a curse which improves the following skills: Cunning: Dodging and
   Stealth.
   Fortitude: Shields.
 C - the cursed ring "Enlightened Stickiness" (on tentacle) {rPois, Elem, Dev}
   (You took it off an orc on level 6 of the Dungeon)

   [ring of poison resistance]

   rPois:     It protects you from poison It has a curse which improves the
   following skills: Elements: Fire Magic, Ice Magic, Air Magic and Earth Magic.
   Devices:   Evocations and Shapeshifting.
 J - the cursed ring of Ashenzari's Repose (on tentacle) {EV+5, Comp, Self}
   (You found it on level 8 of the Dungeon)

   [ring of evasion]

   EV+5:      It affects your evasion (+5).
   It has a curse which improves the following skills: Companions: Summonings
   and Necromancy.
   Introspection: Fighting and Spellcasting.
 L - the cursed ring "I Foresaw This" (on tentacle) {Int+6, Dev, Bglg}
   (You found it on level 9 of the Dungeon)

   [ring of intelligence]

   Int+6:     It affects your intelligence (+6).
   It has a curse which improves the following skills: Devices: Evocations and
   Shapeshifting.
   Beguiling: Hexes and Translocations.
Talismans
 b - a beast talisman
 c - a flux talisman
 h - a dragon-blood talisman
Wands
 m - a wand of mindburst (4)
 B - a wand of flame (31)
 F - a wand of digging (5)
 G - a wand of acid (8)
 H - a wand of polymorph (4)
 M - a wand of paralysis (6)
Scrolls
 d - 3 scrolls of enchant weapon
 j - a scroll of noise
 k - 2 scrolls of fear
 l - 4 scrolls of teleportation
 n - 2 scrolls of poison
 o - a scroll of silence
 p - 5 scrolls of immolation
 q - a scroll of torment
 t - 2 scrolls of summoning
 v - a scroll of revelation
 D - a scroll of enchant armour
 I - a scroll of fog
Potions
 a - a potion of lignification
 e - a potion of brilliance
 g - 3 potions of enlightenment
 i - a potion of ambrosia
 r - a potion of mutation
 u - 2 potions of curing
 x - a potion of cancellation
 z - 2 potions of attraction
 E - a potion of heal wounds
 K - 2 potions of haste


   Skills:
 * Level 6.4(7.9) Fighting
 + Level 10.7(12.1) Axes
 + Level 0.6(1.3) Throwing
 * Level 6.5(8.8) Dodging
 + Level 9.8(12.1) Stealth
 - Level 7.7(9.3) Unarmed Combat
 + Level 0.2(0.5) Spellcasting
 * Level 4.1(5.5) Summonings
 * Level 1.3(2.8) Ice Magic
 + Level 1.9(3.5) Evocations
 * Level 7.4(9.7) Shapeshifting


You had 7 spell levels left.
You knew the following spells:

 Your Spells              Type           Power      Damage    Failure   Level
a - Call Imp              Summ           54%        N/A       2%          2
b - Frozen Ramparts       Ice            28%        1d5       13%         3

Your spell library contained the following spells:

 Spells                   Type           Power      Damage    Failure   Level
 Mercury Vapours          Alch/Air       2%         N/A       21%         2
 Sublimation of Blood     Necr           1%         N/A       21%         2
 Summon Lightning Spire   Summ/Air       14%        N/A       38%         4
 Ignite Poison            Fire/Alch      1%         N/A       78%         4
 Sticky Flame             Fire/Alch      1%         2d4       78%         4
 Lee's Rapid Deconstruct  Erth           0%         3d4*      98%         5
 Summon Hydra             Summ           13%        N/A       100%        7
 Ignition                 Fire           0%         3d3       100%        8
 Chain Lightning          Conj/Air       0%         2d1       100%        9
 Animate Armour           Summ/Erth      Unusable   N/A       N/A         4

Dungeon Overview and Level Annotations

Branches:
Dungeon (11/15)            Temple (0/1) D:5
   Lair: D:8-11         Orc: D:9-12

Altars:
Ashenzari
Cheibriados
Hepliaklqana
Kikubaaqudgha
Nemelex Xobeh
Okawaru
Ru
Sif Muna
Trog
Wu Jian
The Shining One

Shops:
D:6 =


Innate Abilities, Weirdness & Mutations

You are a hulking beast.
Your limbs bulge with bestial killing power. (Slay +4)
You cannot wear most types of armour.
You are amphibious.
You can wear up to eight rings at the same time.
Your skin changes colour to match your surroundings (Stealth+).
Your rubbery body absorbs attacks. (AC +1, EV +1)
((You are camouflaged when in or above water. (Stealth+)))
You have tentacles for arms and can constrict up to eight enemies at once.


Message History

An orc knight comes into view.
It is wielding a +0 great sword and carrying a wand of polymorph.
You see here a killer bee corpse.
Unknown command.
You cannot move away from the boulder beetle!
Okay, then.
Unknown command.
You slice the boulder beetle!!
You squeeze the boulder beetle, but do no damage.
The boulder beetle is almost dead.
Your cerulean imp closely misses the manticore.
The boulder beetle completely misses you.
You hit the boulder beetle but do no damage.
The boulder beetle is almost dead.
A hornet comes into view.
The cyclops throws a large rock.
The large rock hits you. The boulder beetle misses you.
The orc knight roars a battlecry!
The orc knight goes into a battle-frenzy!
The hornet moves out of view.
You hear an angry buzzing noise.
Unknown command.
You hit the boulder beetle. You squeeze the boulder beetle.
You break out of your daze!
You kill the boulder beetle!
Visions of slaying the orc knight flood into your mind.
Your cerulean imp hits the orc knight but does no damage.
A two-headed ogre comes into view.
It is wielding a +0 giant club and a +0 giant spiked club.
The manticore flicks its tail.
The volley of spikes misses you.
Unknown command.
You hit the cyclops. You drain the cyclops.
The cyclops is lightly wounded.
You closely miss the orc knight.
Your cerulean imp closely misses the orc knight.
The orc knight hits you with a +2 dire flail of draining!!
* * * LOW HITPOINT WARNING * * *
You feel drained.
* * * LOW HITPOINT WARNING * * *
The cyclops hits you!!
You die...

.# ..# .#.8 #..# . $
... #..# . !? .8. #..#
.###
#y##.###..##..........
$$ ..5..#.............#
?)?.#W#.#.............#
?O$.oHo......#........#
([).###h#....#........#
??$.e..C#....#........#
#....#..#.#.>#..).....#
#...
##.#.####........#. .##
..#.#....######.#.
#.#.#.##.# #.
..#....#.######+#.
{.)#....#..........
#....#..........


You could see 2 orc knights, a two-headed ogre, a manticore, a cyclops
(drained), a deep elf pyromancer, a hornet, a shadow and a friendly cerulean imp
(summoned).

Vanquished Creatures
  A boulder beetle (D:11)
  Urug (D:10)
  Joseph (D:10)
  A gargoyle (D:11)
  2 kobold demonologists
  A troll (D:11)
  A hornet (D:9)
  Sigmund (D:2)
  2 wraiths (D:10)
  8 spriggans (D:10)
  17 yaks
  Eustachio (D:5)
  A steam dragon (D:10)
  4 vampire mosquitoes (D:9)
  4 water moccasins
  4 orc warriors
  2 ice beasts
  3 black bears
  A sky beast (D:6)
  An ogre (D:5)
  4 centaurs
  A kobold brigand (D:8)
  2 bullfrogs
  4 scorpions
  4 wights (D:8)
  4 killer bees
  A howler monkey (D:8)
  6 hounds
  4 jellies
  6 orc priests
  3 bombardier beetles
  Crazy Yiuf (D:2)
  2 sleepcaps
  2 gnoll boudas
  Jessica (D:3)
  Ijyb (D:3)
  6 iguanas
  10 orc wizards
  9 adders
  9 gnolls
  3 white imps
  2 ufetubi (D:5)
  3 ribbon worms
  3 dart slugs (D:1)
  36 orcs
  16 endoplasms
  3 giant cockroaches (D:4)
  4 goblins
  13 hobgoblins
  9 jackals
  5 quokkas
  7 ball pythons
  7 bats
  7 frilled lizards
  16 kobolds
  4 rats
275 creatures vanquished.

Vanquished Creatures (collateral kills)
  Nergalle (D:10)
  A tengu conjurer (D:11)
  A slime creature (D:10)
  2 spriggans (D:10)
  A vampire (D:10)
  2 yaks
  3 orc warriors
  A gnoll sergeant (D:10)
  3 kobold brigands
  A wight (D:8)
  A killer bee (D:10)
  A jelly (D:7)
  An orc priest (D:7)
  An orc wizard (D:10)
  8 orcs
  2 kobolds (D:9)
30 creatures vanquished.

Grand Total: 305 creatures vanquished

Notes
Turn   | Place    | Note
-------+----------+-------------------------------------------
     0 | D:1      | Minsecho the Octopode Shapeshifter began the quest for the
                  | Orb.
     0 | D:1      | Reached XP level 1. HP: 13/13 MP: 1/1
    85 | D:1      | Reached XP level 2. HP: 18/18 MP: 2/2
   260 | D:1      | You are sucked into a shaft and drop 1 floor!
   544 | D:2      | Reached XP level 3. HP: 23/23 MP: 3/3
   565 | D:2      | Noticed Sigmund
   868 | D:1      | Reached skill level 1 in Stealth
  1050 | D:3      | Reached XP level 4. HP: 19/28 MP: 4/4
  1162 | D:3      | Noticed Ijyb
  1168 | D:3      | Killed Ijyb
  1240 | D:3      | Reached XP level 5. HP: 33/33 MP: 5/5
  1479 | D:3      | Noticed Jessica
  1487 | D:3      | Killed Jessica
  1792 | D:3      | Found an ancient bone altar of Kikubaaqudgha.
  1792 | D:3      | Found a sparkling altar of Nemelex Xobeh.
  1792 | D:3      | Found a broken altar of Ashenzari.
  1792 | D:3      | Found a broken altar of Ashenzari.
  1792 | D:3      | Found a broken altar of Ashenzari.
  1792 | D:3      | Found an iron altar of Okawaru.
  1813 | D:3      | Reached XP level 6. HP: 5/38 MP: 6/6
  1945 | D:3      | Became a worshipper of Ashenzari the Shackled
  2042 | D:4      | Found a hazy altar of Hepliaklqana.
  2057 | D:4      | Found an ancient bone altar of Kikubaaqudgha.
  2057 | D:4      | Found a broken altar of Ashenzari.
  2057 | D:4      | Found a glowing golden altar of the Shining One.
  2336 | D:4      | Reached skill level 5 in Unarmed Combat
  2339 | D:4      | Identified the +6 war axe "Muenein" {drain, Str+4}
  2364 | D:4      | Reached XP level 7. HP: 33/43 MP: 7/7
  2436 | D:4      | Found an ornate altar of the Wu Jian Council.
  2762 | D:4      | Found a bloodstained altar of Trog.
  2917 | D:5      | Entered Level 5 of the Dungeon
  2928 | D:5      | Found a staircase to the Ecumenical Temple.
  2995 | D:5      | Reached skill level 5 in Stealth
  3319 | D:5      | Noticed Eustachio
  3324 | D:5      | Killed Eustachio
  3379 | D:5      | Reached XP level 8. HP: 43/50 MP: 8/8
  3611 | D:5      | Reached skill level 5 in Shapeshifting
  3640 | D:5      | Reached skill level 1 in Evocations
  3796 | D:5      | Identified the +8 hand axe of the Ancients {flame, Dex+4}
  4101 | D:3      | Reached * piety under Ashenzari
  4376 | D:2      | Killed Sigmund
  4447 | D:2      | Found a runed translucent door.
  4448 | D:2      | Noticed Crazy Yiuf
  4815 | D:2      | Killed Crazy Yiuf
  5133 | D:6      | Reached XP level 9. HP: 23/55 MP: 9/9
  5333 | D:6      | Found the +16 obsidian axe {drain, demonic, Mesm ^Drain Fly
                  | SInv}
  5898 | D:6      | Reached skill level 1 in Axes
  5940 | D:6      | Found a shimmering blue altar of Sif Muna.
  5940 | D:6      | Identified Sif Muna's Handbook of the Fault
  5940 | D:6      | Identified Sif Muna's Quarto of Distillation
  5940 | D:6      | Identified Sif Muna's Vellum of Wounds
  6006 | D:6      | Found a snail-covered altar of Cheibriados.
  6086 | D:6      | Found Qobrajekue's Jewellery Boutique.
  6292 | D:7      | Reached ** piety under Ashenzari
  6376 | D:7      | Reached skill level 2 in Axes
  6588 | D:7      | Identified the Vellum of the Chill and the Cumulonimbus
  6789 | D:7      | Reached skill level 3 in Axes
  7327 | D:8      | Identified the +1 ring mail of Xizoav {SInv}
  7642 | D:8      | Reached skill level 4 in Axes
  7676 | D:8      | Reached XP level 10. HP: 63/63 MP: 10/10
  7677 | D:8      | Reached skill level 5 in Axes
  7837 | D:8      | Found the +6 shillelagh "Devastator" {shatter}
  7981 | D:8      | Learned a level 2 spell: Call Imp
  8240 | D:8      | Reached skill level 6 in Axes
  8240 | D:8      | Reached skill level 5 in Dodging
  8454 | D:9      | Reached skill level 1 in Summonings
  8734 | D:9      | Noticed a kobold demonologist
  8741 | D:9      | Reached skill level 7 in Axes
  8741 | D:9      | Killed a kobold demonologist
  9076 | D:9      | Found a sacrificial altar of Ru.
  9259 | D:10     | Entered Level 10 of the Dungeon
  9259 | D:10     | Noticed Joseph
  9266 | D:10     | Killed Joseph
  9327 | D:10     | Noticed Nergalle
  9334 | D:10     | Killed Nergalle
  9335 | D:10     | Reached skill level 5 in Fighting
  9335 | D:10     | Reached skill level 8 in Axes
  9335 | D:10     | Reached XP level 11. HP: 68/72 MP: 11/11
  9360 | D:10     | Reached *** piety under Ashenzari
  9658 | D:10     | Reached skill level 9 in Axes
 10381 | D:10     | Noticed Urug
 10392 | D:10     | Killed Urug
 10393 | D:10     | Reached skill level 10 in Axes
 11105 | D:11     | Learned a level 3 spell: Frozen Ramparts
 11127 | D:11     | Noticed a boulder beetle
 11128 | D:11     | Noticed a manticore
 11135 | D:11     | Reached XP level 12. HP: 58/82 MP: 12/12
 11145 | D:11     | Reached skill level 1 in Ice Magic
 11149 | D:11     | Killed a boulder beetle
 11149 | D:11     | Noticed a two-headed ogre
 11150 | D:11     | Mangled by a cyclops

Illustrated notes

Levels and vault maps discovered:
D:1:      lightli_arrival_farm, layout_rooms, grunt_decor_one_mirror,
          minmay_hexomino_c4
D:2:      layout_basic, shapermc_ecumenical_altar_petra, grunt_ministairs_15,
          feat_on_display, uniq_crazy_yiuf_cottage, uniq_sigmund
D:3:      cheibrodos_fertilizer, layout_basic, minivault_4, minmay_surrounded,
          uniq_jessica, uniq_ijyb
D:4:      layout_loops_ring, gammafunk_temple_overflow_forgotten,
          nicolae_wu_jian_wuxing_cycle, mainiacjoe_overflow_big_doors,
          minmay_bisected
D:5:      layout_loops_ring, minmay_temple_entry_statues_pillars,
          minmay_checkerbox, uniq_eustachio
D:6:      layout_basic, mainiacjoe_overflow_alcove_2,
          nicolae_sif_muna_little_library, serial_shops, shop,
          nicolae_benzene_ring
D:7:      layout_basic
D:8:      layout_basic, minivault_26
D:9:      layout_rooms, mainiacjoe_overflow_tiny_flanked
D:10:     kb_forest_paths, layout_stronghold, st_stairs_4, uniq_nergalle,
          uniq_joseph, uniq_urug
D:11:     minmay_the_grid_square_5x5_5x5_mashed
          [minmay_the_grid_square_5x5_fancy_junction,
          minmay_the_grid_square_5x5_mess, minmay_the_grid_square_5x5_z,
          minmay_the_grid_square_5x5_inner_v, minmay_the_grid_square_5x5_seven,
          minmay_the_grid_square_5x5_meh, minmay_the_grid_square_5x5_prize_junk,
          minmay_the_grid_square_5x5_inner_i,
          minmay_the_grid_square_5x5_prize_waves,
          minmay_the_grid_square_5x5_checkered,
          minmay_the_grid_square_5x5_bracketed,
          minmay_the_grid_square_5x5_tetrominoes,
          minmay_the_grid_square_5x5_prize_itemx,
          minmay_the_grid_square_5x5_shuriken,
          minmay_the_grid_square_5x5_minibox,
          minmay_the_grid_square_5x5_intrusive_squares,
          minmay_the_grid_square_5x5_prize_monsterx,
          minmay_the_grid_square_5x5_inset,
          minmay_the_grid_square_5x5_prize_rear_guard,
          minmay_the_grid_square_5x5_empty, minmay_the_grid_square_5x5_comb,
          minmay_the_grid_square_5x5_moneybag,
          minmay_the_grid_square_5x5_two_small, minmay_the_grid_square_5x5_tie,
          minmay_the_grid_square_5x5_slash], layout_basic, lair_entry_dummy

Skill      XL: |  1  2  3  4  5  6  7  8  9 10 11 12 |
---------------+-------------------------------------+-----
Stealth        | 1 2 3 4 5 7 8 9 |  9.8
Unarmed Combat | 4 5 6 7 |  7.7
Shapeshifting  | 4 5 6 7 |  7.4
Dodging        | 3 4 5 6 |  6.5
Fighting       | 2 3 5 6 |  6.4
Evocations     | 1 |  1.9
Axes           | 4 8 10 | 10.7
Summonings     | 2 3 4 |  4.1
Ice Magic      | 1 |  1.3
Throwing       | |  0.6
Spellcasting   | |  0.2

Action                     |  1- 3 |  4- 6 |  7- 9 | 10-12 || total
---------------------------+-------+-------+-------+-------++-------
  Melee: Unarmed           |    81 |   118 |   110 |       ||   309
         Tentacles         |    12 |    27 |    35 |    30 ||   104
         Constrict         |    22 |    19 |    40 |    19 ||   100
         Punch             |     2 |     2 |     6 |    11 ||    21
         Broad axe         |       |       |    66 |   141 ||   207
  Throw: Boomerang         |       |       |     4 |       ||     4
   Cast: Call Imp          |       |       |       |     6 ||     6
 Invoke: Curse Item        |       |       |     4 |     2 ||     6
  Evoke: Wand              |       |       |     9 |     1 ||    10
    Use: Potion            |       |     4 |     1 |     2 ||     7
         Scroll            |       |     2 |     4 |       ||     6
   Stab: Sleeping          |     7 |    11 |    23 |     8 ||    49
         Distracted        |     1 |     1 |     2 |     4 ||     8
 Armour: Skin              |    43 |    33 |    72 |    66 ||   214
  Dodge: Dodged            |    52 |    58 |   105 |   129 ||   344
